AoeStats
← Schantiiniiii

Coastal Forest

503472043Analyzed
4v4 RM · 1mo ago on Aug 31, 2026· 79m 3s· 8 players
Game mode
Random Map
Map size
Large (8 player)
Population
200
Speed
Normal
Resources
Standard
Victory
Conquest
Starting age
Dark Age
Ending age
Imperial Age
RankedLock teamsTeams togetherTeam positionsShared explorationLock speedFull tech treeHidden civsTurbo modeCheats
Victory
Defeat
🇩🇪 Cumans · Germany
1678
+9
🇨🇭 Byzantines · Switzerland
1629
+11
🇫🇷 Koreans · France
1529
+15
🇩🇪 Mongols · Germany
1299
+25
🇨🇴 Persians · Colombia
1651
-21
🇨🇿 Lithuanians · Czechia
1489
-14
🇲🇽 Turks · Mexico
1475
-13
🇲🇽 Mongols · Mexico
1442
-12
UrielFlocru
6:56 Loom
9:25 Feudal Age
9:58 Double-Bit Axe
9:56 Horse Collar
20:27 Castle Age
19:18 Forging
19:35 Bloodlines
20:45 Scale Barding Armor
25:33 Chain Barding Armor
27:34 Iron Casting
28:15 Husbandry
31:54 Town Watch
32:56 Wheelbarrow
33:41 Bow Saw
37:29 Imperial Age
36:46 Caravan
39:33 Plate Barding Armor
39:58 Blast Furnace
38:40 Heavy Camel Rider
45:03 Hand Cart
46:04 Artillery
46:25 Conscription
48:05 Elite Janissary
62:29 Fletching
63:06 Bodkin Arrow
LvSP | LeON
6:57 Loom
8:57 Feudal Age
10:08 Double-Bit Axe
15:44 Horse Collar
18:09 Scale Barding Armor
20:26 Wheelbarrow
23:43 Castle Age
21:55 Gold Mining
24:37 Bloodlines
24:30 Husbandry
25:26 Forging
26:12 Light Cavalry
27:37 Bow Saw
30:10 Gold Shaft Mining
30:25 Chain Barding Armor
33:00 Hand Cart
34:14 Stone Mining
35:36 Stone Shaft Mining
39:54 Imperial Age
37:44 Fletching
40:59 Drill
40:10 Onager
44:42 Chemistry
43:57 Bodkin Arrow
44:55 Heavy Scorpion
45:16 Siege Onager
72:25 Ballistics
75:38 Heavy Scorpion
ELEG | IronLeg
4:33 Loom
10:54 Feudal Age
15:34 Castle Age
13:47 Double-Bit Axe
15:43 Wheelbarrow
15:43 Fishing Lines
16:21 Medium Warships
16:24 Forging
19:08 Bow Saw
20:19 Fishing Lines
20:51 Gillnets
24:09 Gold Mining
25:01 Careening
25:01 Clinker Construction
25:48 Horse Collar
26:43 Gold Shaft Mining
27:58 Hand Cart
28:02 Town Watch
29:54 Scale Barding Armor
30:24 Iron Casting
30:13 Bloodlines
30:04 Husbandry
34:07 Imperial Age
32:37 Town Patrol
33:25 Chain Barding Armor
33:22 Stone Mining
33:53 Cavalier
35:09 Plate Barding Armor
35:34 Blast Furnace
35:16 Savar
36:09 Fletching
37:48 Blast Furnace
38:10 Conscription
46:27 Heavy Plow
48:54 Carvel Hull
49:47 Bodkin Arrow
50:59 Chemistry
51:19 Ballistics
52:45 Padded Archer Armor
52:37 Guard Tower
52:58 Masonry
55:41 Architecture
55:18 Light Cavalry
58:40 Pikeman
59:21 Squires
59:06 Arson
59:23 Scale Mail Armor
61:27 Gambesons
61:19 Halberdier
63:26 Hussar
66:58 Chain Mail Armor
66:47 Man-at-Arms
67:40 Long Swordsman
70:14 Kamandaran
70:58 Leather Archer Armor
71:15 Plate Mail Armor
70:31 Crossbowman
71:34 Thumb Ring
Lolda
3:33 Loom
9:47 Feudal Age
10:33 Double-Bit Axe
14:23 Fletching
14:43 Padded Archer Armor
16:15 Gold Mining
23:21 Castle Age
24:16 Wheelbarrow
24:13 Bow Saw
23:26 Crossbowman
24:02 Bodkin Arrow
25:35 Town Watch
27:38 Ballistics
43:28 Imperial Age
41:44 Horse Collar
44:55 Elite Skirmisher
50:13 Bracer
51:54 Chemistry
54:08 Tower Shields
56:05 Leather Archer Armor
55:20 Pikeman
56:00 Squires
58:32 Ring Archer Armor
59:12 Heavy Plow
60:14 Conscription
66:16 Halberdier
66:59 Scale Mail Armor
68:33 Two-Man Saw
67:51 Hand Cart
69:49 Chain Mail Armor
70:05 Forging
74:53 Iron Casting
Schantiiniiii
6:53 Loom
9:33 Feudal Age
10:16 Double-Bit Axe
19:11 Forging
18:50 Horse Collar
20:12 Scale Barding Armor
25:18 Castle Age
23:41 Gold Mining
26:27 Chain Barding Armor
26:26 Bow Saw
27:39 Gold Shaft Mining
27:48 Iron Casting
27:14 Heavy Plow
28:27 Husbandry
31:33 Wheelbarrow
35:42 Stone Mining
36:30 Gold Shaft Mining
37:18 Hand Cart
39:50 Imperial Age
39:35 Stone Shaft Mining
40:12 Heavy Camel Rider
41:39 Plate Barding Armor
42:19 Ballistics
41:53 Fletching
42:48 Coinage
43:09 Conscription
42:53 Light Cavalry
44:28 Hoardings
43:41 Hussar
44:26 Bodkin Arrow
44:15 Treadmill Crane
45:36 Chemistry
47:17 Crop Rotation
48:25 Caravan
51:51 Logistica
53:04 Banking
54:22 Bombard Tower
54:05 Greek Fire
55:53 Bracer
55:42 Elite Cataphract
60:36 Murder Holes
72:46 Fortified Wall
72:58 Guilds
twitch.tv/gliedi69
9:31 Feudal Age
10:07 Double-Bit Axe
13:42 Fletching
16:27 Horse Collar
19:32 Loom
22:21 Castle Age
20:24 Gold Mining
21:44 Stone Mining
23:02 Bodkin Arrow
22:28 Crossbowman
23:32 Bow Saw
27:42 Ballistics
29:05 Wheelbarrow
28:58 Town Watch
34:04 Imperial Age
33:03 Thumb Ring
33:53 Hand Cart
34:24 Husbandry
34:11 Arbalester
35:03 Bracer
36:59 Chemistry
36:36 Conscription
38:54 Pikeman
41:38 Scale Mail Armor
41:49 Forging
43:09 Chain Mail Armor
43:51 Iron Casting
44:39 Squires
44:25 Arson
44:58 Halberdier
49:50 Heavy Plow
52:48 Plate Mail Armor
52:04 Elite War Wagon
54:02 Treadmill Crane
58:09 Caravan
58:50 Coinage
63:02 Two-Man Saw
66:52 Banking
67:00 Eupseong
68:20 Elite Skirmisher
78:28 Guilds
GlorysDarkSide
6:38 Loom
10:07 Feudal Age
11:06 Double-Bit Axe
13:32 Fishing Lines
14:44 Fletching
17:27 Castle Age
18:36 Medium Warships
19:03 Gillnets
19:49 Bodkin Arrow
23:47 Town Watch
29:40 Horse Collar
33:06 Heavy Plow
38:20 Wheelbarrow
38:43 Bow Saw
42:24 Imperial Age
40:38 Scale Barding Armor
39:57 Pikeman
40:43 Thumb Ring
41:47 Ballistics
41:40 Fortified Wall
41:51 Gold Mining
42:24 Hand Cart
42:33 Chain Barding Armor
42:12 Stone Mining
44:12 Bracer
44:12 Padded Archer Armor
44:18 Town Patrol
44:03 Elite Mangudai
45:57 Chemistry
48:43 Coinage
48:31 Leather Archer Armor
48:27 Forging
47:43 Onager
47:51 Capped Ram
50:06 Bloodlines
49:57 Husbandry
51:09 Drill
50:12 Siege Ram
54:02 Caravan
54:52 Banking
Pfienz
3:03 Loom
9:44 Feudal Age
11:34 Double-Bit Axe
19:04 Wheelbarrow
23:55 Castle Age
23:03 Scale Barding Armor
23:08 Forging
23:50 Bloodlines
25:13 Chain Barding Armor
25:29 Iron Casting
25:27 Bow Saw
25:02 Horse Collar
26:29 Iron Casting
28:32 Gold Mining
37:28 Imperial Age
36:06 Scale Mail Armor
35:39 Pikeman
36:19 Squires
36:04 Arson
37:13 Chain Mail Armor
37:55 Cavalier
39:11 Plate Barding Armor
39:36 Blast Furnace
39:07 Plate Mail Armor
38:23 Halberdier
38:46 Cavalier
41:29 Town Watch
43:45 Heavy Plow
44:23 Fletching
44:55 Ballistics
46:48 Chemistry
46:15 Bodkin Arrow
48:18 Gold Shaft Mining
47:49 Paladin
53:00 Light Cavalry
55:06 Caravan
56:14 Hussar
75:46 Hand Cart
Connection lost

Rejoining the realm…

Still unreachable

The connection could not be restored.

Session expired

The server has moved on; the page needs a fresh start.